 Dungeon Crawl Stone Soup version 0.21-a0-52-gbf49515 (webtiles) character file.

8352 xgamer67 the Cleaver (level 11, -7/92 HPs)
             Began as a Hill Orc Fire Elementalist on June 13, 2017.
             Was an Elder of Cheibriados.
             Mangled by grindst0ne's ghost (11 damage)
             ... on level 11 of the Dungeon.
             The game lasted 00:40:46 (16204 turns).

xgamer67 the Cleaver (Hill Orc Fire Elementalist)  Turns: 16204, Time: 00:40:47

Health: -7/92      AC:  9    Str: 24    XL:     11   Next: 29%
Magic:  7/16       EV: 16    Int: 28    God:    Cheibriados [****..]
Gold:   82         SH:  0    Dex: 28    Spells: 3/16 levels left

rFire    . . .     SeeInvis .   a - +5 battleaxe of Wiokoceyj {drain, *Contam rElec Int+4 Dex+4}
rCold    . . .     Gourm    .   (shield currently unavailable)
rNeg     . . .     Faith    +   i - +2 robe {MR+}
rPois    +         Spirit   .   k - +2 helmet
rElec    +         Reflect  .   (no cloak)
rCorr    .         Harm     .   K - +0 pair of gloves
MR       +....                  n - +0 pair of boots
Stlth    +++.......             D - amulet of faith
Regen    0.3/turn               j - +4 ring of dexterity
MPRegen  0.2/turn               o - ring of poison resistance

@: very slow
A: no striking features
a: Bend Time, Temporal Distortion, Slouch, Renounce Religion


You were on level 11 of the Dungeon.
You worshipped Cheibriados.
Cheibriados was greatly pleased with you.
You were not hungry.

You visited 2 branches of the dungeon, and saw 12 of its levels.

You collected 649 gold pieces.
You spent 567 gold pieces at shops.

Inventory:

Hand Weapons
 a - the +5 battleaxe of Wiokoceyj (weapon) {drain, *Contam rElec Int+4 Dex+4}
   (You found it on level 9 of the Dungeon)

   A truly terrible weapon, it drains the life of those it strikes.
   It affects your intelligence (+4).
   It affects your dexterity (+4).
   It insulates you from electricity.
   It causes magical contamination when unequipped.
 l - a +1 war axe
 y - a +0 blowgun
 P - a cursed +2 battleaxe
 Q - a +0 hand axe of flaming
Missiles
 L - 5 tomahawks (quivered)
Armour
 i - a +2 robe of magic resistance (worn)
 k - a +2 helmet (worn)
 n - a +0 pair of boots (worn)
 u - a +0 chain mail
 z - a +0 scale mail of positive energy
 K - a +0 pair of gloves (worn)
Jewellery
 j - a +4 ring of dexterity (left hand)
 o - a ring of poison resistance (right hand)
 D - an amulet of faith (around neck)
 O - an uncursed ring of resist corrosion
 W - a +5 ring of strength {unknown}
Wands
 t - a wand of iceblast (9/15)
 v - a wand of confusion (26/48)
 F - a wand of paralysis (12/24)
 N - a wand of lightning (10/15)
 U - a wand of flame (25/48)
 V - a wand of polymorph (15/24)
Scrolls
 d - 4 scrolls of enchant armour
 g - 8 scrolls of teleportation
 h - 4 scrolls of remove curse
 m - 2 scrolls of blinking
 r - a scroll of magic mapping
 s - 3 scrolls of enchant weapon
 A - a scroll of amnesia
 C - a scroll of immolation
 E - 2 scrolls of fear
 R - 2 scrolls of silence
 S - 3 scrolls of identify
Potions
 e - 2 potions of curing
 f - 2 potions of might
 p - 3 potions of berserk rage
 G - 3 potions of haste
 H - 2 potions of mutation
 I - a potion of lignification
 J - 2 potions of flight
 M - a potion of magic
Books
 b - a book of Flames

   Spells                             Type                      Level
   a - Flame Tongue                   Conjuration/Fire             1
   b - Throw Flame                    Conjuration/Fire             2
   c - Conjure Flame                  Conjuration/Fire             3
   d - Inner Flame                    Hexes/Fire                   3
   e - Sticky Flame                   Conjuration/Fire             4
   f - Fireball                       Conjuration/Fire             5
 w - a book of Conjurations

   Spells                             Type                      Level
   a - Magic Dart                     Conjuration                  1
   b - Searing Ray                    Conjuration                  2
   c - Dazzling Spray                 Conjuration/Hexes            3
   d - Fulminant Prism                Conjuration/Hexes            4
   e - Force Lance                    Conjuration/Translocation    4
   f - Iskenderun's Mystic Blast      Conjuration                  4
Comestibles
 c - 9 bread rations
 x - a meat ration
 B - 2 royal jellies


   Skills:
 - Level 7.0 Fighting
 + Level 14.3 Axes
 + Level 4.6 Dodging
 - Level 1.5 Stealth
 - Level 3.0 Spellcasting
 - Level 5.0 Conjurations
 - Level 2.2 Hexes
 - Level 6.0 Fire Magic
 + Level 7.5 Invocations


You had 3 spell levels left.
You knew the following spells:

 Your Spells              Type           Power        Failure   Level  Hunger
a - Throw Flame           Conj/Fire      #####.       1%          2    #......
b - Sticky Flame          Conj/Fire      #####...     9%          4    ####...
c - Flame Tongue          Conj/Fire      #####        1%          1    None
d - Inner Flame           Hex/Fire       ####....     4%          3    ###....
e - Conjure Flame         Conj/Fire      #####...     2%          3    ###....


Dungeon Overview and Level Annotations

Branches:
Dungeon (11/15)            Temple (1/1) D:6            Lair (0/6) D:10
    Orc: D:9-12

Altars:
Ashenzari
Cheibriados
Dithmenos
Elyvilon
Fedhas
Gozag
Hepliaklqana
Kikubaaqudgha
Makhleb
Nemelex Xobeh
Okawaru
Qazlal
Ru
Sif Muna
Trog
Uskayaw
Vehumet
Wu Jian
Xom
Yredelemnul
Zin
The Shining One

Shops:
D:6 !   D:10 ?   D:11 ?

Annotations:
D:8 exclusions: centaur, 4 killer bees, orc priest and orc warrior
D:10 exclusion: yak
D:11 grindst0ne's ghost, journeyman DsFi


Message History

Cheibriados lowers the support of your attributes as your movement quickens.
Grindst0ne's ghost hits you!
* * * LOW HITPOINT WARNING * * *
You feel much better. Grindst0ne's ghost hits you.
* * * LOW HITPOINT WARNING * * *
You hit grindst0ne's ghost.
Grindst0ne's ghost is severely damaged.
Grindst0ne's ghost hits you!
* * * LOW HITPOINT WARNING * * *
You hit grindst0ne's ghost but do no damage.
Grindst0ne's ghost is severely damaged.
Grindst0ne's ghost hits you!
* * * LOW HITPOINT WARNING * * *
You hit grindst0ne's ghost but do no damage.
Grindst0ne's ghost is severely damaged.
Grindst0ne's ghost completely misses you.
You can feel time thicken for a moment.
You feel somewhat more hungry.
Cheibriados lowers the support of your attributes as your movement quickens.
Grindst0ne's ghost hits you!
You die...

.# ##..##....###..## .##
##........###..## #.##
#....##..####..## #..##
##...###..####..## ###.##
##...####..###...##
##.####.....# ##.....>..##
##.##..##.)## ##........####
#....#####(####.........(..
##.∩.# #.W@##....<.......
##...## ##................
##.....### #..............>.
#..####..#...(..............
#.## #########.(####.......
#.# #..# ...##.. #.# #.##
.### . #.# #.# .# #.# ###


You could see grindst0ne's ghost.

Vanquished Creatures
  A two-headed ogre (D:10)
  Pikel (D:7)
  A komodo dragon (D:10)
  5 hippogriffs
  A wraith (D:9)
  Menkaure (D:5)
  2 ice beasts
  A sky beast (D:6)
  2 slaves (D:7)
  4 phantoms
  3 orc warriors
  3 black bears
  2 necrophages (D:7)
  A centaur (D:7)
  3 ogres
  The ghost of oki the Insei, an amateur OpTm (D:3)
  8 bullfrogs
  A big kobold (D:11)
  A gnoll sergeant (D:9)
  3 scorpions
  3 killer bees
  9 wights
  A howler monkey (D:9)
  2 centaur zombies
  5 crimson imps
  3 hounds
  A quasit (D:9)
  3 orc priests
  5 bullfrog zombies
  4 centaur skeletons
  4 jellies
  2 gnoll shamans
  A bullfrog skeleton (D:5)
  10 orc wizards
  Jessica (D:2)
  3 iguanas
  Terence (D:2)
  6 worker ants
  A hound skeleton (D:7)
  23 gnolls
  10 adders
  A shadow imp (D:5)
  An ooze (D:3)
  An adder zombie (D:7)
  An adder skeleton (D:5)
  5 worms
  2 dart slugs
  6 leopard geckos
  39 orcs
  3 ball pythons
  4 giant cockroaches
  5 goblins
  7 hobgoblins
  5 jackals
  5 quokkas
  2 ball python skeletons (D:4)
  3 bats
  3 frilled lizards
  14 kobolds
  A quokka skeleton (D:6)
  9 rats
  A spectral orc (D:7)
261 creatures vanquished.

Vanquished Creatures (others)
  2 slaves (D:7)
  A phantom (D:7)
3 creatures vanquished.

Grand Total: 264 creatures vanquished

Notes
Turn   | Place    | Note
-------+----------+-------------------------------------------
     0 | D:1      | xgamer67 the Hill Orc Fire Elementalist began the quest for the Orb.
     0 | D:1      | Reached XP level 1. HP: 14/14 MP: 3/3
   220 | D:1      | Reached skill level 1 in Fighting
   328 | D:1      | Reached XP level 2. HP: 24/24 MP: 4/4
  1285 | D:2      | Reached XP level 3. HP: 28/30 MP: 5/5
  1519 | D:2      | Noticed Jessica
  2010 | D:1      | Learned a level 3 spell: Conjure Flame
  2105 | D:2      | Killed Jessica
  2105 | D:2      | Reached XP level 4. HP: 24/38 MP: 1/6
  2680 | D:2      | Noticed Terence
  2694 | D:2      | Killed Terence
  2929 | D:2      | Reached XP level 5. HP: 40/46 MP: 8/8
  3156 | D:3      | Learned a level 3 spell: Inner Flame
  3222 | D:3      | Noticed oki's ghost (amateur OpTm)
  3912 | D:4      | Reached XP level 6. HP: 42/53 MP: 9/9
  4073 | D:4      | Found a sparkling altar of Nemelex Xobeh.
  4104 | D:4      | Found a shadowy altar of Dithmenos.
  4218 | D:5      | Entered Level 5 of the Dungeon
  4659 | D:4      | Reached skill level 1 in Axes
  5153 | D:3      | Reached skill level 5 in Fighting
  5186 | D:3      | Reached skill level 2 in Axes
  5779 | D:3      | Reached skill level 1 in Hexes
  5852 | D:3      | Killed oki's ghost
  5852 | D:3      | Reached skill level 3 in Axes
  5852 | D:3      | Reached XP level 7. HP: 44/61 MP: 11/11
  6241 | D:5      | Noticed Menkaure
  6389 | D:5      | Reached skill level 4 in Axes
  6768 | D:5      | Reached skill level 5 in Axes
  7201 | D:5      | Reached skill level 6 in Axes
  7201 | D:5      | Reached XP level 8. HP: 54/68 MP: 12/12
  7352 | D:5      | Killed Menkaure
  7352 | D:5      | Reached skill level 7 in Axes
  7698 | D:6      | Reached skill level 8 in Axes
  7699 | D:6      | Found Myqomp's Distillery.
  7703 | D:6      | Bought a potion of haste for 100 gold pieces
  7703 | D:6      | Bought a potion of might for 40 gold pieces
  7703 | D:6      | Bought a potion of mutation for 80 gold pieces
  7703 | D:6      | Bought a potion of lignification for 30 gold pieces
  7703 | D:6      | Bought a potion of flight for 30 gold pieces
  8469 | D:6      | Reached skill level 9 in Axes
  8670 | D:6      | Found an iron altar of Okawaru.
  8681 | D:6      | Learned a level 4 spell: Sticky Flame
  8684 | D:6      | Learned a level 2 spell: Throw Flame
  8826 | D:6      | Reached skill level 10 in Axes
  9081 | D:6      | Found a staircase to the Ecumenical Temple.
  9102 | Temple   | Entered the Ecumenical Temple
  9243 | Temple   | Became a worshipper of Cheibriados the Contemplative
  9541 | D:6      | Reached XP level 9. HP: 24/74 MP: 11/13
  9940 | D:7      | Noticed Pikel
 10090 | D:7      | Reached skill level 5 in Fire Magic
 10141 | D:7      | Killed Pikel
 10341 | D:7      | Found a basalt altar of Yredelemnul.
 11005 | D:7      | Reached skill level 5 in Conjurations
 11143 | D:7      | Reached skill level 11 in Axes
 11176 | D:7      | Found a hazy altar of Hepliaklqana.
 11365 | D:7      | Reached * piety under Cheibriados
 11601 | D:7      | Reached skill level 1 in Invocations
 12152 | D:7      | Found a glowing golden altar of the Shining One.
 12152 | D:7      | Found a bloodstained altar of Trog.
 12153 | D:7      | Found a hide-covered altar of Uskayaw.
 12376 | D:7      | Reached skill level 12 in Axes
 12410 | D:7      | Reached XP level 10. HP: 58/81 MP: 14/14
 12512 | D:7      | Reached skill level 5 in Invocations
 12546 | D:7      | Reached ** piety under Cheibriados
 14028 | D:9      | Found a stormy altar of Qazlal.
 14038 | D:9      | Got a dazzling battleaxe
 14039 | D:9      | Identified the +5 battleaxe of Wiokoceyj {drain, *Contam rElec Int+4 Dex+4} (You found it on level 9 of the Dungeon)
 14062 | D:9      | Reached skill level 13 in Axes
 14157 | D:9      | Reached *** piety under Cheibriados
 14930 | D:9      | Found an opulent altar of Gozag.
 15131 | D:10     | Entered Level 10 of the Dungeon
 15168 | D:10     | Reached **** piety under Cheibriados
 15317 | D:10     | Noticed a two-headed ogre
 15323 | D:10     | Reached XP level 11. HP: 91/92 MP: 15/15
 15326 | D:10     | Killed a two-headed ogre
 15326 | D:10     | Reached skill level 14 in Axes
 15659 | D:10     | Found Xetrycs's Magic Scroll Shoppe.
 15675 | D:10     | Bought a scroll of identify for 30 gold pieces
 15675 | D:10     | Bought a scroll of teleportation for 45 gold pieces
 15675 | D:10     | Bought a scroll of identify for 30 gold pieces
 15675 | D:10     | Bought a scroll of fear for 52 gold pieces
 15692 | D:10     | Found a staircase to the Lair.
 16100 | D:11     | Reached ***** piety under Cheibriados
 16103 | D:11     | Found Aleff's Magic Scroll Boutique.
 16108 | D:11     | Bought a scroll of identify for 26 gold pieces
 16108 | D:11     | Bought a scroll of teleportation for 39 gold pieces
 16108 | D:11     | Bought a scroll of teleportation for 39 gold pieces
 16108 | D:11     | Bought a scroll of identify for 26 gold pieces
 16185 | D:11     | Noticed grindst0ne's ghost (journeyman DsFi)
 16199 | D:11     | HP: 3/92 [grindst0ne's ghost (15)]
 16204 | D:11     | Mangled by grindst0ne's ghost

Vault maps used:
D:1:      kennysheep_arrival_seaside, minmay_pentomino_q2
D:2:      uniq_terence, uniq_jessica
D:3:      serial_forest, infiniplex_forest_clump_tiny,
          infiniplex_forest_zigzag_1, infiniplex_forest_corner_1,
          infiniplex_forest_clump_tiny, infiniplex_forest_join,
          infiniplex_forest_corner_2, infiniplex_forest_clump_double,
          kennysheep_generic_room_16
D:4:      kennysheep_mini, overflow_temple_1_default, guppyfry_early_lair_pool
D:5:      first_bread, uniq_menkaure
D:6:      okawaru_ov_weapons_minmay, temple_green, serial_shops, shop
D:7:      lemuel_coloured_pillars_altar, yredelemnul_forgotten_temple_becter,
          gammafunk_temple_overflow_claw, uniq_pikel
D:9:      nicolae_overflow_crystal_walls, basic_altar
D:10:     lair_entry_dummy, serial_shops, nicolae_shop_stone
D:11:     serial_shops, shop
Temple:   dshaligram_water_room_temple

Skill      XL: |  1  2  3  4  5  6  7  8  9 10 11 |
---------------+----------------------------------+-----
Fighting       | 1 2 3 4 5 7 |  7.0
Conjurations   | 2 3 5 |  5.0
Spellcasting   | 2 3 |  3.0
Fire Magic     | 4 6 |  6.0
Axes           | 3 6 10 12 13 14 | 14.3
Hexes          | 1 2 |  2.2
Invocations    | 4 6 7 |  7.5
Dodging        | 3 4 |  4.6
Stealth        | |  1.5

Action                   |  1- 3 |  4- 6 |  7- 9 | 10-12 || total
-------------------------+-------+-------+-------+-------++-------
Melee: Short sword       |   111 |   163 |       |       ||   274
       Unarmed           |     7 |       |       |       ||     7
       Spear             |    10 |     6 |       |       ||    16
       War axe           |       |    84 |   416 |   133 ||   633
       Hand axe          |       |    41 |       |       ||    41
       Battleaxe         |       |       |       |   170 ||   170
Throw: Tomahawk          |       |       |     1 |     1 ||     2
 Cast: Flame Tongue      |    11 |     6 |       |       ||    17
       Sticky Flame      |       |       |     2 |       ||     2
       Throw Flame       |       |       |     1 |       ||     1
Invok: Bend Time         |       |       |     1 |       ||     1
       Slouch            |       |       |       |     2 ||     2
Evoke: Wand              |       |       |       |     2 ||     2
  Use: Potion            |     1 |       |     3 |     1 ||     5
       Scroll            |       |     3 |     6 |     9 ||    18
 Stab: Sleeping          |     3 |     2 |     3 |     7 ||    15
       Distracted        |       |       |     1 |     2 ||     3
       Paralysed         |       |       |       |     4 ||     4
  Eat: Chunk             |     4 |    12 |    17 |     6 ||    39
       Fruit             |       |       |     5 |       ||     5
Armor: Robe              |    16 |    71 |   147 |    81 ||   315
Dodge: Dodged            |    88 |   196 |   268 |   189 ||   741
